 Dungeon Crawl Stone Soup version 0.21.1-1-g345015f (webtiles) character file.

386 inc the Covert (level 6, -2/24 HPs)
             Began as a Felid Conjurer on Feb 20, 2018.
             Was a Follower of Dithmenos.
             Shot with an arrow by a centaur (9 damage)
             ... on level 7 of the Dungeon.
             The game lasted 00:17:21 (6475 turns).

inc the Covert (Felid Conjurer)                     Turns: 6475, Time: 00:17:22

Health: -2/24      AC:  2    Str:  4    XL:     6   Next: 48%
Magic:  4/10       EV: 18    Int: 18    God:    Dithmenos [*.....]
Gold:   238        SH:  0    Dex: 17    Spells: 0/9 levels left
                                        Lives:  0   Deaths: 2

rFire    . . .     SeeInvis +   (weapon unavailable)
rCold    . . .     Gourm    .   (shield unavailable)
rNeg     . . .     Faith    .   (armour unavailable)
rPois    +         Spirit   .   (helmet unavailable)
rElec    .         Reflect  .   (cloak unavailable)
rCorr    .         Harm     .   (gloves unavailable)
MR       .....                  (boots unavailable)
Stlth    ++++++....             (no amulet)
HPRegen  0.08/turn              q - ring of poison resistance
MPRegen  0.12/turn              (no ring)

@: wreathed by umbra, quick
A: very small, no armour, no weapons or thrown items, stealth, claws 1, fangs 3,
see invisible, carnivore, speed 1, shaggy fur 2, slow metabolism 1, sharp paws
a: Renounce Religion


You were on level 7 of the Dungeon.
You worshipped Dithmenos.
Dithmenos was aware of your devotion.
You were not hungry.

You visited 2 branches of the dungeon, and saw 8 of its levels.

You collected 238 gold pieces.

Inventory:

Jewellery
 q - a ring of poison resistance (left paw)
 t - an uncursed amulet of faith {unknown}
 w - an uncursed ring of flight {unknown}
 x - an uncursed ring of positive energy {unknown}
 y - an uncursed amulet of the gourmand {unknown}
 A - an uncursed ring of magical power {unknown}
Scrolls
 e - 5 scrolls of remove curse {unknown}
 g - 2 scrolls of noise {unknown}
 h - 2 scrolls of fog {unknown}
 i - a scroll of immolation {unknown}
 j - a scroll of fear {unknown}
 k - 2 scrolls of magic mapping {unknown}
 n - 4 scrolls of identify {unknown}
 o - 3 scrolls of teleportation {unknown}
 p - 3 scrolls of amnesia {unknown}
 s - a scroll of random uselessness {unknown}
Potions
 c - a potion of invisibility
 d - a potion of heal wounds {unknown}
 f - a potion of curing
 l - a potion of agility {unknown}
 m - a potion of cancellation {unknown}
 r - a potion of ambrosia {unknown}
 u - 2 potions of brilliance {unknown}
 z - 2 potions of flight {unknown}
Books
 a - a book of Conjurations

   Spells                             Type                      Level
   a - Magic Dart                     Conjuration                  1
   b - Searing Ray                    Conjuration                  2
   c - Dazzling Spray                 Conjuration/Hexes            3
   d - Fulminant Prism                Conjuration/Hexes            4
   e - Force Lance                    Conjuration/Translocation    4
   f - Iskenderun's Mystic Blast      Conjuration                  4
 v - a book of Maledictions

   Spells                             Type                      Level
   a - Corona                         Hexes                        1
   b - Ensorcelled Hibernation        Hexes/Ice                    2
   c - Confuse                        Hexes                        3
   d - Tukima's Dance                 Hexes                        3
   e - Dazzling Spray                 Conjuration/Hexes            3
Comestibles
 b - 9 rations


   Skills:
 - Level 2.6 Dodging
 - Level 9.5 Stealth
 - Level 2.3 Spellcasting
 - Level 5.3 Conjurations
 + Level 6.4 Hexes


You couldn't memorise any spells.
You knew the following spells:

 Your Spells              Type           Power        Failure   Level  Hunger
a - Magic Dart            Conj           ###.         1%          1    #......
b - Searing Ray           Conj           ###...       3%          2    ##.....
c - Fulminant Prism       Conj/Hex       ###.......   16%         4    #####..
d - Ensorcelled Hibernat  Hex/Ice        ##....       7%          2    ##.....


Dungeon Overview and Level Annotations

Branches:
Dungeon (7/15)             Temple (1/1) D:6

Altars:
Ashenzari
Cheibriados
Dithmenos
Elyvilon
Fedhas
Kikubaaqudgha
Nemelex Xobeh
Okawaru
Qazlal
Trog
Uskayaw
Vehumet
Wu Jian
The Shining One


Innate Abilities, Weirdness & Mutations

You cannot wear armour.
You are incapable of wielding weapons or throwing items.
Your paws allow you to move quietly. (Stealth)
You have sharp claws.
You have razor-sharp teeth.
You have supernaturally acute eyesight. (SInv)
You are carnivorous and can eat meat at any time.
You cover ground quickly.
You are covered in thick fur. (AC +2)
You have a slow metabolism.
Your sharp claws are effective at attacking unaware monsters.


Message History

You see here 3 arrows.
There is an open door here.
You close the door.
You start resting.
An orc comes into view. It is wielding a hand axe.
Casting: Fulminant Prism
Confirm with . or Enter, or press ? or * to list all spells.
Aiming: Searing Ray
Press: ? - help, Shift-Dir - straight line, f - centaur
Aim: a centaur, wielding a shortbow (umbra)
The searing ray hits the centaur.
The centaur is lightly wounded. (Press . to maintain the ray.)
The centaur shoots an arrow.
The arrow hits you!
* * * LOW HITPOINT WARNING * * *
The searing ray hits the centaur.
The centaur is moderately wounded.
The centaur shoots an arrow.
The arrow closely misses you.
The centaur shoots an arrow.
The arrow hits you!
You die...

#.# #########.##
#..........#
#......o...#
#..........#
#..........#
#....c.....#
########'##...##
##...##..@######
#.>..#....# #....#....#
#....'....# #....#....#
#...<#(...#
#########...######
.......##...###..#####
..............+......###


You could see a centaur and an orc.

Vanquished Creatures
  A water moccasin (D:6)
  A sky beast (D:4)
  An ogre (D:4)
  2 bullfrogs
  A scorpion (D:6)
  2 killer bees (D:5)
  2 howler monkeys
  A bullfrog zombie (D:5)
  A hound (D:6)
  A centaur skeleton (D:5)
  2 iguanas
  A worker ant (D:7)
  A worker ant zombie (D:6)
  4 adders
  A shadow imp (D:6)
  An ooze (D:3)
  An adder zombie (D:7)
  6 worms
  4 leopard geckos
  13 orcs
  A ball python (D:3)
  4 giant cockroaches
  7 goblins
  6 hobgoblins
  4 jackals
  3 kobolds
  5 quokkas
  4 bats
  2 frilled lizards (D:2)
  A quokka skeleton (D:5)
  6 rats
90 creatures vanquished.

Vanquished Creatures (others)
  3 fulminant prisms
3 creatures vanquished.

Grand Total: 93 creatures vanquished

Notes
Turn   | Place    | Note
-------+----------+-------------------------------------------
     0 | D:1      | inc the Felid Conjurer began the quest for the Orb.
     0 | D:1      | Reached XP level 1. HP: 7/7 MP: 4/4
   331 | D:1      | Reached XP level 2. HP: 11/11 MP: 1/6
   424 | D:2      | Found a shadowy altar of Dithmenos.
   514 | D:2      | Became a worshipper of Dithmenos the Shadowed
   722 | D:2      | Noticed a moth of wrath
   724 | D:2      | Found a bloodstained altar of Trog.
   810 | D:2      | Reached XP level 3. HP: 14/14 MP: 0/7
  1563 | D:2      | Learned a level 2 spell: Searing Ray
  2066 | D:3      | Reached skill level 5 in Conjurations
  2239 | D:3      | Reached XP level 4. HP: 18/18 MP: 1/8
  2413 | D:3      | Reached * piety under Dithmenos
  3127 | D:3      | Found a radiant altar of Vehumet.
  3128 | D:3      | Found a white marble altar of Elyvilon.
  3183 | D:4      | Noticed an ogre
  3189 | D:4      | Killed an ogre
  3189 | D:4      | Reached skill level 5 in Stealth
  3189 | D:4      | Reached XP level 5. HP: 21/21 MP: 4/9
  3250 | D:4      | Found a stormy altar of Qazlal.
  3941 | D:5      | Entered Level 5 of the Dungeon
  4140 | D:5      | Reached skill level 6 in Stealth
  4209 | D:5      | Gained mutation: You are covered in thick fur. (AC +2) [Felid growth]
  4209 | D:5      | Reached XP level 6. HP: 24/24 MP: 3/10
  4218 | D:5      | Noticed a sky beast
  4254 | D:5      | Reached skill level 7 in Stealth
  4390 | D:4      | Killed a sky beast
  4390 | D:4      | Reached skill level 8 in Stealth
  4667 | D:5      | Reached XP level 7. HP: 7/27 MP: 2/11
  4668 | D:5      | Slain by a killer bee
  4669 | D:5      | Reached XP level 6. HP: -1/24 MP: 0/10
  4707 | D:6      | Noticed a water moccasin
  4716 | D:6      | Killed a water moccasin
  4716 | D:6      | Reached skill level 9 in Stealth
  5031 | D:6      | Learned a level 4 spell: Fulminant Prism
  5034 | D:6      | Learned a level 2 spell: Ensorcelled Hibernation
  5040 | D:6      | Reached skill level 1 in Hexes
  5219 | D:6      | Reached XP level 7. HP: 23/27 MP: 4/11
  5385 | D:6      | Reached skill level 5 in Hexes
  5642 | D:6      | HP: 1/27 [phantom (9)]
  5651 | D:6      | Slain by a phantom
  5652 | D:6      | Reached XP level 6. HP: -5/24 MP: 1/10
  5801 | D:6      | Found a staircase to the Ecumenical Temple.
  5809 | Temple   | Entered the Ecumenical Temple
  6412 | D:7      | Noticed an orc warrior
  6475 | D:7      | Shot with an arrow by a centaur

Skill      XL: |  1  2  3  4  5  6  7 |
---------------+----------------------+-----
Conjurations   | 4 5 |  5.3
Stealth        | 5 6 9 |  9.5
Hexes          | 4 6 |  6.4
Dodging        | |  2.6
Spellcasting   | |  2.3

Action                   |  1- 3 |  4- 6 |  7- 9 || total
-------------------------+-------+-------+-------++-------
Melee: Unarmed           |     8 |    14 |    14 ||    36
       Bite              |       |       |     1 ||     1
 Cast: Magic Dart        |    75 |    65 |    17 ||   157
       Searing Ray       |     9 |    28 |     3 ||    40
       Ensorcelled Hiber |       |     2 |     2 ||     4
       Fulminant Prism   |       |     1 |     2 ||     3
  Use: Potion            |       |     1 |     1 ||     2
 Stab: Sleeping          |     2 |     4 |     2 ||     8
  Eat: Chunk             |    10 |     8 |       ||    18
Armor: Skin              |     2 |     3 |     1 ||     6
Dodge: Dodged            |    26 |    92 |    22 ||   140
